 Dungeon Crawl Stone Soup version 0.26-a0-651-gb41185065b (webtiles) character file.

Game seed: 2201244369315923822

(classic levelgen) 119 EnegeticOcto the Sneak (level 4, -1/40 HPs)
             Began as a Deep Dwarf Delver on Oct 23, 2020.
             Slain by an ogre
             ... wielding a +0 giant spiked club
              (12 damage)
             ... on level 7 of the Dungeon.
             The game lasted 00:00:37 (127 turns).

EnegeticOcto the Sneak (Deep Dwarf Delver)           Turns: 127, Time: 00:00:38

Health: -1/40      AC:  3    Str: 15    XL:     4   Next: 74%
Magic:  2/2        EV: 12    Int: 12    God:
Gold:   23         SH:  0    Dex: 14    Spells: 3/3 levels left

rFire    . . .     SeeInvis .   a - +0 hand axe
rCold    . . .     Faith    .   (no shield)
rNeg     . . .     Spirit   .   b - +0 leather armour
rPois    .         Reflect  .   (no helmet)
rElec    .         Harm     .   (no cloak)
rCorr    .         Rampage  .   (no gloves)
MR       .....                  (no boots)
Stlth    +++.......             (no amulet)
HPRegen  0.00/turn              (no ring)
MPRegen  0.08/turn              (no ring)

@: non-regenerating
A: damage resistance, heal wounds, sense surroundings 1, no regeneration
a: Heal Wounds


You were on level 7 of the Dungeon.
You visited 1 branch of the dungeon, and saw 3 of its levels.

You collected 23 gold pieces.

Inventory:

Hand Weapons
 a - a +0 hand axe (weapon)
Armour
 b - a +0 leather armour (worn)
Wands
 d - a wand of polymorph (12)
 g - a wand of digging (3) {@v3}
Scrolls
 c - a scroll of fog
 e - a scroll of fear
 i - a scroll of amnesia {unknown}
 j - a scroll of enchant armour {unknown}
Potions
 f - a potion of haste {@q4}
 h - a potion of degeneration {unknown}


   Skills:
 - Level 2.6 Fighting
 + Level 5.5 Axes
 - Level 2.1 Dodging
 - Level 6.0 Stealth


You had 3 spell levels left.
You didn't know any spells.
Your spell library was empty.

Dungeon Overview and Level Annotations

Branches:
Dungeon (7/15)
 Temple: D:4-7

Altars:


Innate Abilities, Weirdness & Mutations

You are resistant to damage.
You can heal yourself by infusing magical energy.
You passively map a small area around you.
You do not regenerate.


Message History

Increase (s)trength, (i)ntelligence, or (d)exterity?
You feel clever.
There is a stone staircase leading up, spattered with blood here.
You see here a scorpion corpse.
Found a scroll labeled RETEOH DYUH.
Found 8 gold pieces.
You now have 8 gold pieces.
There is a stone staircase leading down here.
Found 7 gold pieces.
i - a scroll labeled RETEOH DYUH A bullfrog comes into view.
Found a scroll labeled XUIPTI RIMPYSMAM.
You see here 8 gold pieces.
You see here 8 gold pieces.
You now have 16 gold pieces (gained 8).
You see here 7 gold pieces.
You now have 23 gold pieces (gained 7).
You barely miss the bullfrog. The bullfrog hits you.
You barely miss the bullfrog. The bullfrog closely misses you.
The bullfrog hits you.
You slash the bullfrog!
The bullfrog is moderately wounded.
The bullfrog closely misses you.
You hit the bullfrog.
The bullfrog is heavily wounded.
The bullfrog barely misses you. The bullfrog misses you.
You closely miss the bullfrog.
The bullfrog is heavily wounded.
The bullfrog misses you.
You hit the bullfrog but do no damage.
The bullfrog is heavily wounded.
The bullfrog barely misses you. The bullfrog hits you.
You hit the bullfrog.
The bullfrog is severely wounded.
The bullfrog hits you. The bullfrog misses you.
You barely miss the bullfrog.
The bullfrog is severely wounded.
The bullfrog closely misses you.
The bullfrog hits you but does no damage.
You hit the bullfrog.
The bullfrog is almost dead.
The bullfrog barely misses you.
You barely miss the bullfrog.
The bullfrog is almost dead.
You are no longer poisoned.
The bullfrog hits you. The bullfrog completely misses you.
You hit the bullfrog but do no damage.
The bullfrog is almost dead.
The bullfrog closely misses you.
You hit the bullfrog.
You kill the bullfrog!
Your Axes skill increases to level 5!
You have reached level 4!
You feel clever.
j - a scroll labeled XUIPTI RIMPYSMAM
There is a stone staircase leading down here.
As you read the scroll of magic mapping {@r5}, it crumbles to dust.
You feel aware of your surroundings.
You climb downwards.
Found a robe and a tapered gold wand.
Found a stone staircase leading down.
There is a stone staircase leading up here.
An ogre comes into view. It is wielding a +0 giant spiked club.
A sky beast comes into view.
You see here a wand of polymorph (12).
d - a wand of polymorph (12)
The ogre closely misses you.
Unknown command.
You hit the ogre.
The ogre is lightly wounded.
The ogre barely misses you.
You completely miss the ogre.
The ogre is lightly wounded.
The ogre closely misses you.
You hit the ogre.
The ogre is moderately wounded.
The ogre hits you with a +0 giant spiked club!!
* * * LOW HITPOINT WARNING * * *
You are too injured to fight recklessly!
You fail to use your ability.
You are too injured to fight recklessly!
You fail to use your ability.
The ogre closely misses you.
You are too injured to fight recklessly!
Your magical essence is drained by the effort!
You feel much better. The ogre barely misses you.
You hit the ogre.
The ogre is moderately wounded.
You hit the ogre.
The ogre is heavily wounded.
The ogre hits you with a +0 giant spiked club!
You slash the ogre!
The ogre is severely wounded.
The ogre misses you.
You hit the ogre.
The ogre is almost dead.
The ogre hits you with a +0 giant spiked club!
* * * LOW HITPOINT WARNING * * *
You fail to use your ability.
You fail to use your ability.
The ogre hits you with a +0 giant spiked club!
You die...

#...... Y...# ,
,.....###..####.# *#.
, #.##.............
... * ,,
.......###[..#####....
, ,
.>.....<..............
,..#.....##.........#.
* *
#..##.##...........# *
,, ....
,#.##.#.O.......# ,
..# #.##.#@...###..# ,
. , ,#.##.#..#.# .# ,
, #.#.....#.#* *# * *
#.#..#..#.# ,
*..#..#.. * ,#.
#..#*#, * * #. .... ,
# #### * * ,, ,


You could see an ogre.

Vanquished Creatures
  A bullfrog (D:6)
  A scorpion (D:6)
  A leopard gecko (D:6)
  A giant cockroach (D:6)
  4 jackals (D:6)
8 creatures vanquished.

Notes
Turn   | Place    | Note
-------+----------+-------------------------------------------
     0 | D:5      | EnegeticOcto the Deep Dwarf Delver began the quest for the
                  | Orb.
     0 | D:5      | Reached XP level 1. HP: 20/20 MP: 1/1
    12 | D:6      | Noticed a scorpion
    30 | D:6      | Reached XP level 2. HP: 25/27 MP: 2/2
    44 | D:6      | HP: 1/27 [poisoned by a scorpion]
    51 | D:6      | Killed a scorpion
    51 | D:6      | Reached XP level 3. HP: 25/33 MP: 2/2
    66 | D:6      | Noticed a bullfrog
    86 | D:6      | Killed a bullfrog
    86 | D:6      | Reached skill level 5 in Axes
    86 | D:6      | Reached XP level 4. HP: 25/40 MP: 3/3
   108 | D:7      | Noticed an ogre
   111 | D:7      | Noticed a sky beast
   127 | D:7      | Slain by an ogre

Illustrated notes

Levels and vault maps discovered:
D:5:      layout_loops_cross, nicolae_qazlal_style_of_elements
D:6:      layout_basic, uniq_blork_the_orc, uniq_edmund
D:7:      layout_basic, dancing_weapons_uskayaw, nicolae_overflow_crystal_walls,
          old_standard_altar, lemuel_round_altar,
          minmay_temple_entry_enclosed_plants

Skill      XL: |  1  2  3 |
---------------+----------+-----
Axes           | 3 4 5 |  5.5
Fighting       | |  2.6
Dodging        | |  2.1
Stealth        | |  6.0

Action                   |  1- 3 |  4- 6 || total
-------------------------+-------+-------++-------
Melee: Hand axe          |    56 |     7 ||    63
 Abil: Heal Wounds       |     1 |     1 ||     2
  Use: Scroll            |       |     1 ||     1
Armor: Leather armour    |     7 |       ||     7
Dodge: Dodged            |    57 |     6 ||    63

Table legend: (Time is in decaauts)
 A = Elapsed time spent in this place.
 B = Non-inter-level travel time spent in this place.
 C = Inter-level travel time spent in this place.
 D = Time resting spent in this place.
 E = Time spent auto-exploring this place.
 F = Levels seen in this place.
 G = Mean time per level.
                   A        B        C        D        E       F      G
               +--------+--------+--------+--------+--------+-----+--------+
         Total |    134 |    134 |      0 |      0 |      0 |   3 |   44.7 |
       Dungeon |    134 |    134 |      0 |      0 |      0 |   3 |   44.7 |
               +--------+--------+--------+--------+--------+-----+--------+

Top non-repeatable levels by time:
     D:6: 108 daAuts
     D:7: 23 daAuts
     D:5: 3 daAuts
